Map: Junção Kairos LE

Players

Vicster - Winner!

  • Race: Terran Terran
  • League: Gold
  • Spawn Location: 11:00

Montilla

  • Race: Protoss Protoss
  • League: Gold
  • Spawn Location: 5:00

VOD

Have the link to the VOD?

Description

Time

  • Played on: Jan. 5, 2019, 11:33 a.m.
  • Length: 12:28
Show
View Real Time Build Order
Export as new Build Order

Vicster Terran - Winner!

Build Orders:  

Get SALT Encoding   

  12  0:01  SCV  
  13  0:13  SCV  
  14  0:17  Supply Depot  
  14  0:25  SCV  
  15  0:30  Refinery  
  15  0:39  SCV  
  16  0:46  Barracks  
  16  0:51  SCV  
  17  1:03  SCV  
  18  1:15  SCV  
  19  1:28  SCV  
  20  1:34  Supply Depot  
  20  1:40  SCV  
  20  1:41  Barracks Reactor  
  21  1:51  Factory  
  21  1:56  Refinery  
  21  1:57  Orbital Command  
  21  1:58  Barracks  
  21  2:19  Marine x2  
  21  2:22  SCV  
  24  2:34  SCV  
  24  2:35  Factory Tech Lab  
  25  2:37  Marine x2  
  25  2:40  Starport  
  27  2:46  Barracks Tech Lab, SCV  
  28  2:55  Marine x2  
  28  2:56  Supply Depot  
  30  2:59  SCV  
  31  3:13  Stimpack  
  31  3:17  Marine, SCV, Cyclone  
  31  3:19  Supply Depot  
  36  3:28  Barracks  
  36  3:30  SCV  
  37  3:43  Supply Depot  
  37  3:45  Marine  
  37  3:47  SCV  
  39  3:49  Cyclone  
  42  3:59  SCV  
  42  4:00  Medivac  
  45  4:04  Marine  
  45  4:05  Marine, Supply Depot  
  47  4:11  SCV  
  48  4:19  Barracks Tech Lab  
  48  4:22  Marine  
  48  4:24  SCV  
  50  4:28  Marine x2  
  50  4:30  Medivac  
  54  4:36  SCV  
  55  4:46  Marine  
  55  5:17  Command Center  
  55  5:34  SCV  
  56  5:44  Marine x3, Marauder  
  56  5:46  SCV  
  62  5:58  SCV  
  62  6:01  Refinery  
  63  6:28  SCV, Siege Tank  
  63  6:31  Refinery  
  67  6:40  SCV  
  68  6:53  SCV  
  67  7:05  SCV  
  65  7:19  Marine x2  
  65  7:20  Marine x2  
  68  7:32  Orbital Command  
  66  7:37  Marine x2  
  66  7:38  Marine  
  68  7:55  Marine x2  
  49  8:57  Command Center  
  45  9:20  Command Center  
  41  9:32  Command Center  
  39  10:00  Refinery  
  39  10:02  Refinery  
  39  10:44  Orbital Command  
  39  10:48  Supply Depot  
  39  10:50  Starport Tech Lab  
  39  11:18  Supply Depot  
  39  11:19  Supply Depot  
Show
View Real Time Build Order
Export as new Build Order

Montilla Protoss 

Build Orders: Oracle Opening 

Get SALT Encoding   

  12  0:01  Probe  
  13  0:16  Pylon  
  13  0:23  Pylon  
  13  0:27  Probe  
  14  0:41  Gateway  
  14  0:43  Probe  
  15  0:55  Probe  
  16  0:57  Assimilator  
  16  1:04  Pylon  
  16  1:12  Probe  
  16  1:15  Forge  
  17  1:27  Assimilator  
  17  1:36  Cybernetics Core  
  17  1:39  Probe  
  18  1:55  Photon Cannon  
  18  2:02  Probe, Photon Cannon  
  19  2:18  Photon Cannon  
  19  2:28  Probe  
  20  2:40  Stargate  
  20  2:52  Probe  
  20  2:54  Stargate  
  21  3:01  Probe  
  21  3:02  Stalker  
  24  3:09  Probe  
  25  3:21  Pylon  
  25  3:34  Oracle  
  28  3:42  Photon Cannon  
  28  3:48  Void Ray  
  32  4:24  Nexus  
  32  4:27  Pylon  
  32  4:44  Void Ray  
  36  5:10  Void Ray  
  37  5:24  Stalker  
  37  5:27  Probe  
  40  5:33  Photon Cannon  
  40  5:36  Void Ray  
  40  5:37  Probe  
  40  5:39  Probe  
  46  5:50  Probe  
  46  5:52  Probe  
  48  6:06  Probe  
  48  6:10  Probe  
  50  6:14  Probe  
  50  6:17  Shield Battery  
  50  6:21  Pylon  
  50  6:22  Probe  
  50  6:24  Probe  
  52  6:25  Void Ray  
  57  6:33  Probe  
  57  6:34  Probe  
  59  6:41  Photon Cannon  
  59  6:46  Probe  
  45  9:31  Nexus  
  45  9:33  Pylon  
  45  9:37  Pylon  
  31  10:33  Pylon  
  31  10:34  Pylon  
  31  10:35  Pylon  
  31  10:37  Pylon x2  
  31  10:48  Nexus  
  31  11:14  Assimilator  
  31  11:24  Assimilator  
  31  11:27  Pylon  
  31  11:41  Pylon  
  31  11:42  Pylon  
  31  11:43  Pylon  
  31  11:45  Pylon  
  31  11:47  Pylon  
Tags
 
Add a new tag
Caveats
  • Supply blocks, unpowered buildings, or Contaminate may cause inaccurate times.
  • Supply counts are checked every 10 seconds.